Map: Frozen Temple

Players

Barcode - Winner!

  • Race: Zerg Zerg
  • League: Master

Bran

  • Race: Protoss Protoss
  • League: Master

VOD

Have the link to the VOD?

Description

Time

  • Played on: May 2, 2016, 12:54 a.m.
  • Length: 13:56
Show
View Real Time Build Order
Export as new Build Order

Barcode Zerg - Winner!

Build Orders: Hatch First 

Get SALT Encoding   

  12  0:01  Drone  
  13  0:07  Drone  
  14  0:21  Extractor  
  14  0:22  Drone, Extractor  
  14  0:23  Drone  
  16  0:43  Hatchery  
  16  0:49  Overlord  
  15  1:09  Drone x2  
  17  1:13  Drone  
  18  1:22  Drone, Spawning Pool  
  18  1:23  Extractor  
  17  1:32  Drone  
  18  1:46  Drone  
  19  1:54  Drone  
  20  1:58  Drone  
  21  2:08  Drone x2  
  21  2:09  Queen x2  
  21  2:13  Overlord  
  27  2:16  Zergling x2  
  28  2:24  Zergling x2, Extractor  
  28  2:27  Metabolic Boost  
  29  2:38  Drone x3  
  32  2:50  Drone x2  
  34  2:57  Zergling x2  
  35  3:04  Zergling x2  
  36  3:06  Pneumatized Carapace  
  36  3:15  Drone, Hatchery  
  36  3:17  Overlord  
  36  3:18  Overlord  
  36  3:36  Drone x7  
  43  3:53  Extractor  
  43  3:54  Evolution Chamber  
  41  3:55  Evolution Chamber  
  41  3:58  Drone x3  
  41  3:59  Drone x3  
  46  4:08  Overlord  
  46  4:09  Overlord x3  
  46  4:21  Drone x2  
  46  4:22  Drone  
  49  4:27  Zerg Melee Weapons Level 1, Zerg Missile Weapons Level 1  
  49  4:32  Queen  
  49  4:33  Drone x2  
  49  4:34  Drone x3  
  56  4:39  Lair  
  56  4:44  Drone x2  
  58  4:53  Drone x4  
  58  4:54  Drone x2  
  58  4:55  Drone  
  58  4:59  Drone x3  
  68  5:00  Drone  
  68  5:04  Spore Crawler  
  68  5:05  Spore Crawler  
  67  5:08  Spore Crawler  
  67  5:11  Spore Crawler  
  65  5:17  Spore Crawler  
  65  5:18  Drone, Spore Crawler  
  65  5:19  Drone x3, Extractor x2  
  65  5:23  Overlord  
  65  5:24  Overlord  
  65  5:30  Zergling x8  
  65  5:31  Zergling x2  
  65  5:34  Zergling x4  
  65  5:35  Zergling x2  
  73  5:36  Zergling x2  
  73  5:41  Hydralisk Den  
  73  5:42  Zergling x4  
  71  6:10  Drone x2  
  71  6:11  Drone x4  
  76  6:15  Overlord x4  
  76  6:16  Muscular Augments  
  77  6:29  Zerg Melee Weapons Level 2, Zerg Missile Weapons Level 2  
  70  6:53  Drone x3  
  73  6:54  Extractor  
  73  6:56  Drone  
  73  6:57  Hatchery  
  73  6:58  Drone x3  
  75  7:01  Extractor  
  75  7:02  Hydralisk x5  
  75  7:07  Overseer  
  84  7:13  Hydralisk x2  
  84  7:14  Hydralisk  
  90  7:20  Hydralisk x2  
  90  7:21  Hydralisk x3  
  100  7:27  Overlord x4  
  100  7:28  Overlord x3  
  97  7:45  Hydralisk x4  
  97  7:46  Hydralisk x3  
  109  8:04  Zergling x12  
  115  8:08  Zergling x6  
  115  8:12  Overseer  
  118  8:14  Zergling x10  
  118  8:19  Queen  
  125  8:20  Hydralisk x3  
  125  8:21  Hydralisk x5  
  141  8:39  Zergling x6  
  141  8:40  Zergling x6  
  147  8:45  Zerg Ground Armor Level 1  
  137  8:52  Hydralisk x3  
  137  8:53  Hydralisk x8  
  153  9:13  Drone x2  
  153  9:14  Drone x7  
  153  9:15  Drone x3  
  165  9:18  Extractor  
  138  9:43  Zergling x22  
  138  9:44  Zergling x16  
  141  10:00  Extractor  
  140  10:14  Hydralisk x7  
  139  10:15  Hydralisk x3  
  159  13:15  Overlord x7  
Show
View Real Time Build Order
Export as new Build Order

Bran Protoss 

Build Orders: 1 Gate Expand, Phoenix Opening 

Get SALT Encoding   

  12  0:01  Probe (Chrono Boost)  
  13  0:11  Probe (Chrono Boost)  
  14  0:18  Pylon  
  14  0:22  Probe (Chrono Boost)  
  15  0:36  Probe (Chrono Boost)  
  16  0:42  Gateway  
  16  0:47  Assimilator  
  16  0:49  Probe (Chrono Boost)  
  17  1:00  Probe (Chrono Boost)  
  18  1:10  Probe (Chrono Boost)  
  19  1:23  Probe (Chrono Boost)  
  20  1:29  Nexus  
  20  1:34  Probe (Chrono Boost)  
  20  1:37  Pylon  
  21  1:45  Assimilator  
  21  1:46  Probe (Chrono Boost)  
  22  1:57  Cybernetics Core  
  22  2:00  Probe (Chrono Boost)  
  23  2:10  Probe (Chrono Boost)  
  23  2:14  Zealot (Chrono Boost)  
  26  2:22  Probe  
  27  2:34  Probe  
  28  2:39  Pylon, Adept (Chrono Boost)  
  28  2:43  Stargate  
  30  2:44  Probe  
  30  2:46  Probe  
  32  2:55  Gateway  
  32  2:56  Warp Gate (Chrono Boost)  
  32  2:59  Probe  
  32  3:00  Pylon  
  32  3:04  Mothership Core  
  35  3:11  Probe  
  36  3:22  Gateway  
  36  3:23  Probe, Adept  
  36  3:25  Probe  
  40  3:29  Phoenix (Chrono Boost)  
  42  3:35  Probe  
  42  3:38  Probe  
  44  3:48  Probe  
  45  3:50  Probe  
  46  4:01  Pylon  
  46  4:19  Phoenix (Chrono Boost), Probe x2, Adept  
  46  4:20  Sentry  
  54  4:39  Assimilator x2  
  54  4:42  Pylon  
  54  4:43  Pylon  
  54  5:00  Phoenix (Chrono Boost), Probe x2  
  54  5:03  Nexus  
  54  5:04  Adept  
  54  5:05  Pylon  
  60  5:09  Robotics Facility  
  60  5:12  Probe x2  
  62  5:22  Phoenix (Chrono Boost)  
  62  5:24  Probe x2  
  62  5:27  Robotics Facility  
  66  5:36  Probe x2  
  66  5:37  Robotics Facility  
  66  5:40  Pylon  
  68  5:44  Phoenix (Chrono Boost)  
  68  5:48  Probe x2  
  68  6:01  Probe x2  
  66  6:05  Gateway, Phoenix (Chrono Boost)  
  66  6:06  Gateway  
  66  6:08  Pylon  
  66  6:09  Forge  
  68  6:12  Twilight Council  
  68  6:13  Sentry x2, Probe x2  
  68  6:17  Probe  
  75  6:23  Immortal  
  75  6:25  Probe  
  80  6:27  Probe  
  74  6:44  Protoss Ground Weapons Level 1  
  74  6:45  Probe  
  74  6:46  Probe x2  
  77  6:47  Immortal  
  77  6:48  Adept  
  77  6:49  Adept  
  77  6:50  Resonating Glaives  
  85  6:55  Probe  
  85  6:58  Probe  
  85  7:01  Probe  
  88  7:07  Pylon  
  88  7:09  Immortal, Probe  
  88  7:13  Assimilator x2, Probe  
  88  7:15  Adept  
  96  7:23  Probe  
  96  7:24  Probe  
  96  7:25  Probe  
  96  7:26  Immortal  
  103  7:33  Probe  
  103  7:36  Probe  
  103  7:39  Phoenix (Chrono Boost)  
  105  7:55  Probe  
  105  7:56  Immortal  
  105  7:57  Probe  
  111  8:00  Templar Archives  
  111  8:01  Phoenix (Chrono Boost)  
  111  8:02  Gateway  
  111  8:03  Gateway  
  107  8:06  Pylon  
  107  8:07  Pylon  
  107  8:08  Immortal  
  107  8:10  Zealot  
  113  8:23  Phoenix (Chrono Boost)  
  113  8:32  Gateway, Probe  
  114  8:35  Immortal, Gateway, Sentry, Adept x3  
  126  8:55  Psionic Storm  
  126  8:57  Pylon  
  126  8:59  Pylon  
  126  9:11  Pylon  
  126  9:12  Pylon  
  126  9:15  Immortal, Phoenix, Probe  
  126  9:16  Photon Cannon  
  133  9:19  Photon Cannon  
  133  9:23  Sentry x3  
  99  9:40  Adept x3  
Tags
 
Add a new tag
Caveats
  • Supply blocks, unpowered buildings, or Contaminate may cause inaccurate times.
  • Supply counts are checked every 10 seconds.